 Dungeon Crawl Stone Soup version 0.24.0-125-gc4c63601f3 (webtiles) character file.

Game seed: 8719853594750321789, levelgen mode: deterministic

359 Mrkan the Shield-Bearer (level 6, -8/39 HPs)
             Began as a Gargoyle Fighter on Feb 24, 2020.
             Was an Initiate of Gozag.
             Killed by divine providence
             ... invoked by an orc priest
              (12 damage)
             ... on level 4 of the Dungeon.
             The game lasted 00:03:16 (2380 turns).

Mrkan the Shield-Bearer (Gargoyle Fighter)          Turns: 2380, Time: 00:03:17

Health: -8/39      AC: 11    Str: 21    XL:     6   Next: 65%
Magic:  6/6        EV:  7    Int:  9    God:    Gozag
Gold:   285        SH:  9    Dex:  9    Spells: 5/5 levels left

rFire    . . .     SeeInvis .   a - +0 war axe
rCold    . . .     Gourm    .   c - +0 shield
rNeg     + . .     Faith    .   b - +0 scale mail
rPois    ∞         Spirit   .   (no helmet)
rElec    +         Reflect  .   (no cloak)
rCorr    .         Harm     .   (no gloves)
MR       .....                  (no boots)
Stlth    ..........             (no amulet)
HPRegen  0.13/turn              (no ring)
MPRegen  0.10/turn              (no ring)

@: gold aura
A: negative energy resistance 1, electricity resistance, unbreathing,
petrification resistance, rot immunity, AC +4
a: Potion Petition, Call Merchant, Bribe Branch, Renounce Religion


You were on level 4 of the Dungeon.
You worshipped Gozag.
Gozag was aware of your devotion.
You were not hungry.

You visited 1 branch of the dungeon, and saw 4 of its levels.

You collected 347 gold pieces.
You paid 62 gold pieces to Gozag.

Inventory:

Hand Weapons
 a - a +0 war axe (weapon)
Armour
 b - a +0 scale mail (worn)
 c - a +0 shield (worn)
Jewellery
 p - an uncursed ring of protection from cold {unknown}
Wands
 m - a wand of flame (18)
 s - a wand of iceblast (8)
Scrolls
 e - a scroll of fog {unknown}
 g - a scroll of identify {unknown}
 i - 3 scrolls of noise {unknown}
 k - 2 scrolls of enchant armour {unknown}
 n - a scroll of magic mapping {unknown}
 o - a scroll of teleportation {unknown}
Potions
 d - 3 potions of might
 h - a potion of berserk rage {unknown}
 j - 2 potions of curing {unknown}
 l - 2 potions of heal wounds {unknown}
 q - 2 potions of flight {unknown}
 r - a potion of lignification {unknown}
 t - a potion of haste {unknown}
Comestibles
 f - 2 rations


   Skills:
 + Level 4.5 Fighting
 * Level 4.1 Axes
 + Level 4.5 Armour
 + Level 4.6 Shields


You had 5 spell levels left.
You didn't know any spells.
Your spell library was empty.

Dungeon Overview and Level Annotations

Branches:
Dungeon (4/15)
 Temple: D:4-7

Altars:
Gozag
Ru
Sif Muna
Xom


Innate Abilities, Weirdness & Mutations

You are resistant to torment.
Your stone body is resilient. (AC +4)
You are immune to poison.
You resist negative energy. (rN+)
You are resistant to electric shocks. (rElec)
You can survive without breathing.
You are immune to petrification.
You are immune to rotting.


Message History

Things that are here:
13 gold pieces; a +0 dagger The orc priest shouts!
You hit the orc priest.
The orc priest is no longer distracted by gold.
The orc priest is moderately wounded.
Your shield and scale mail prevent you from hitting the orc.
The orc priest invokes the aid of Beogh against you.
Beogh smites you!
* * * LOW HITPOINT WARNING * * *
The orc hits you but does no damage.
The orc priest hits you but does no damage.
You block the orc's attack.
You closely miss the orc priest.
The orc priest is moderately wounded.
You barely miss the orc.
The orc priest invokes the aid of Beogh against you.
Beogh smites you!
You die...
Your body crumbles into a pile of gold.

##### #...#####
##########...##(. ##
.............##.# ##.
........o/..###.######..
.......@o...............
............###.#####...
........###.# #.# ###...
........# #.# #.........
......... #.# #.#####.#.
#######.. #.# #.. .....
#.. ... ..# ####..
#...... ..# ##. ...


You could see an orc priest and an orc.

Vanquished Creatures
  A phantom (D:4)
  A scorpion (D:4)
  2 orc priests (D:4)
  Terence (D:2)
  A worker ant (D:4)
  5 adders
  2 worms
  A dart slug (D:1)
  2 leopard geckos
  5 orcs (D:3)
  3 giant cockroaches (D:2)
  7 goblins
  8 hobgoblins
  3 kobolds (D:3)
  2 quokkas (D:2)
  6 bats
  6 frilled lizards
  A leopard gecko skeleton (D:4)
  5 rats
62 creatures vanquished.

Notes
Turn   | Place    | Note
-------+----------+-------------------------------------------
     0 | D:1      | Mrkan the Gargoyle Fighter began the quest for the Orb.
     0 | D:1      | Reached XP level 1. HP: 14/14 MP: 1/1
    78 | D:1      | Reached XP level 2. HP: 19/19 MP: 2/2
   655 | D:2      | Reached XP level 3. HP: 8/23 MP: 3/3
  1126 | D:2      | Reached XP level 4. HP: 29/29 MP: 4/4
  1360 | D:2      | Noticed Terence
  1369 | D:2      | Killed Terence
  1556 | D:3      | Found an opulent altar of Gozag.
  1579 | D:3      | Became a worshipper of Gozag Ym Sagoz the Greedy
  1724 | D:3      | Reached XP level 5. HP: 33/33 MP: 5/5
  1731 | D:3      | Found a shimmering altar of Xom.
  1829 | D:3      | Found a shimmering altar of Xom.
  2009 | D:3      | Found a shimmering blue altar of Sif Muna.
  2206 | D:3      | Found a sacrificial altar of Ru.
  2311 | D:4      | Noticed a phantom
  2342 | D:4      | Killed a phantom
  2342 | D:4      | Reached XP level 6. HP: 24/39 MP: 6/6
  2380 | D:4      | Killed from afar by an orc priest

Levels and vault maps discovered:
D:1:      dpeg_arrival_refuge, layout_basic
D:2:      layout_loops_ring, first_ration, uniq_terence
D:3:      minmay_spotlight, layout_loops_ring, nicolae_gozag_seed_capital,
          xom_teletrap_fun, nicolae_ru_the_path_less_chosen,
          nicolae_overflow_crystal_walls, lemuel_altar_in_water
D:4:      layout_basic, grunt_temple_overflow_holy_war

Skill      XL: |  1  2  3  4  5  6 |
---------------+-------------------+-----
Axes           | 2 3 4 |  4.1
Shields        | 4 |  4.6
Fighting       | 4 |  4.5
Armour         | 4 |  4.5

Action                   |  1- 3 |  4- 6 || total
-------------------------+-------+-------++-------
Melee: War axe           |   115 |   117 ||   232
Invok: Potion Petition   |       |     1 ||     1
  Eat: Chunk             |       |     2 ||     2
       Ration            |       |     1 ||     1
Armor: Scale mail        |    66 |    77 ||   143
Dodge: Dodged            |    23 |    36 ||    59
Block: Shield            |    61 |    54 ||   115
